 Dungeon Crawl Stone Soup version 0.26.1-2-gb8aa6d0cf2 (webtiles) character file.

Game seed: 3040336616395212026

726 Banto the Cudgeller (level 7, -2/66 HPs)
             Began as a Gargoyle Wanderer on Feb 8, 2021.
             Was a Follower of Okawaru.
             Slain by Menkaure (11 damage)
             ... on level 5 of the Dungeon.
             The game lasted 00:06:03 (4822 turns).

Banto the Cudgeller (Gargoyle Wanderer)             Turns: 4822, Time: 00:06:04

Health: -2/66      AC: 23    Str: 17    XL:     7   Next: 72%
Magic:  7/7        EV:  2    Int: 12    God:    Okawaru [*.....]
Gold:   291        SH:  0    Dex: 10    Spells: 6/6 levels left

rFire    + + .     SeeInvis .   w - +1 morningstar
rCold    . . .     Faith    .   (no shield)
rNeg     + + +     Spirit   .   (armour currently unavailable)
rPois    ∞         Reflect  .   (helmet currently unavailable)
rElec    .         Harm     .   (cloak currently unavailable)
rCorr    .         Rampage  .   (gloves currently unavailable)
Will     .....     NoTele   +   (boots currently unavailable)
Stlth    +.........             (no amulet)
HPRegen  0.21/turn              d - ring of protection from fire
MPRegen  0.10/turn              A - ring of protection from fire

@: tree-form
A: negative energy resistance 1, petrification resistance, miasma immunity, AC
+4
a: Renounce Religion, Heroism


You were on level 5 of the Dungeon.
You worshipped Okawaru.
Okawaru was aware of your devotion.
You were a tree.
You visited 2 branches of the dungeon, and saw 7 of its levels.

You collected 291 gold pieces.

Inventory:

Hand Weapons
 a - a +2 hand crossbow
 w - a +1 morningstar (weapon)
Missiles
 b - 31 bolts
Armour
 q - a +0 scale mail (melded)
 s - a +0 pair of gloves (melded)
 y - a +0 cloak (melded)
Jewellery
 d - a ring of protection from fire (left branch)
 A - a ring of protection from fire (right branch)
Wands
 B - a wand of flame (21)
Scrolls
 c - 9 scrolls of teleportation
 h - 2 scrolls of remove curse
 n - a scroll of noise
 o - 2 scrolls of enchant weapon
 t - a scroll of blinking {unknown}
 u - a scroll of magic mapping
 x - a scroll of amnesia {unknown}
 C - a scroll of fog {unknown}
Potions
 e - a potion of brilliance {unknown}
 f - a potion of invisibility {unknown}
 g - a potion of haste {unknown}
 i - a potion of flight {unknown}
 j - 3 potions of attraction {unknown}
 k - 2 potions of curing
 m - a potion of degeneration {unknown}
 p - a potion of lignification
 r - a potion of heal wounds {unknown}
 v - 2 potions of might {unknown}
 z - 2 potions of cancellation {unknown}


   Skills:
 - Level 5.3 Fighting
 - Level 1.0 Long Blades
 + Level 6.7 Maces & Flails
 - Level 2.0 Crossbows
 - Level 1.1 Armour
 - Level 1.0 Dodging
 - Level 1.1 Stealth
 - Level 2.1 Shields


You had 6 spell levels left.
You didn't know any spells.
Your spell library contained the following spells:

 Spells                   Type           Power        Failure   Level
 Freeze                   Ice            0%           32%         1
 Frozen Ramparts          Ice            0%           69%         3
 Ozocubu's Armour         Ice            0%           69%         3
 Hailstorm                Conj/Ice       0%           97%         4
 Summon Ice Beast         Ice/Summ       0%           97%         4


Dungeon Overview and Level Annotations

Branches:
Dungeon (6/15)             Temple (1/1) D:5

Altars:
Ashenzari
Cheibriados
Dithmenos
Elyvilon
Fedhas
Gozag
Hepliaklqana
Kikubaaqudgha
Makhleb
Nemelex Xobeh
Okawaru
Qazlal
Ru
Sif Muna
Trog
Uskayaw
Vehumet
Wu Jian
Xom
Yredelemnul
Zin
The Shining One

Annotations:
D:5 Menkaure


Innate Abilities, Weirdness & Mutations

You are resistant to torment.
((Your stone body is resilient. (AC +4)))
You are immune to poison.
You resist negative energy. (rN+)
((You are resistant to electric shocks. (rElec)))
((You can survive without breathing.))
You are immune to petrification.
You are immune to miasma.


Message History

You barely miss Menkaure. Menkaure hits you!
A worker ant comes into view.
Menkaure closely misses you.
There is a stone staircase leading up here.
Menkaure barely misses you.
You climb upwards.
There is a stone staircase leading down here.
You hit Menkaure but do no damage. Menkaure hits you!!
* * * LOW HITPOINT WARNING * * *
You are too injured to fight recklessly!
You are too injured to fight recklessly!
Really quaff the potion of lignification?
You turn into a tree.
Your +0 cloak melds into your body.
Your +0 pair of gloves melds into your body.
Your +0 scale mail melds into your body.
Your roots penetrate the ground.
Menkaure hits you but does no damage.
You barely miss Menkaure.
Menkaure shouts, "The sands of time shall wipe you from history!"
Menkaure hits you!
You die...

#.#......#####..#......
###.#.......#.##..##.....
#..........#.............
###.....#................
##....##....)......##...
##....................##.
###.........#.........#..##
##..........###...........##
#..........♣..#........##...
##..........M...............
###..................#...#.
##...........##....#.....
#....#..###..#....#.....
###....#...#.............#
#...#..#..................
##..##.................###
#...#..#...........##..##.


You could see Menkaure (fast).

Vanquished Creatures
  A water moccasin (D:4)
  A necrophage (D:5)
  A bullfrog (D:6)
  A bullfrog zombie (D:2)
  3 hounds
  2 bullfrog skeletons
  Terence (D:2)
  2 orc wizards (D:5)
  2 worker ants
  A hound skeleton (D:5)
  3 gnolls
  3 adders
  A shadow imp (D:5)
  An ufetubus (D:5)
  An ooze (D:3)
  A worm (D:5)
  4 leopard geckos
  4 orcs
  3 giant cockroaches
  8 goblins
  7 hobgoblins
  3 jackals (D:2)
  A quokka (D:5)
  2 ball pythons
  8 bats
  2 frilled lizards
  12 kobolds
  A quokka zombie (D:5)
  12 rats
92 creatures vanquished.

Notes
Turn   | Place    | Note
-------+----------+-------------------------------------------
     0 | D:1      | Banto the Gargoyle Wanderer began the quest for the Orb.
     0 | D:1      | Banto set off with the following items: a +2 hand crossbow,
                  | 26 bolts, 2 scrolls of teleportation, a +0 robe
     0 | D:1      | Reached XP level 1. HP: 12/12 MP: 1/1
   313 | D:1      | Reached XP level 2. HP: 18/18 MP: 2/2
   971 | D:2      | Reached XP level 3. HP: 24/24 MP: 3/3
  1386 | D:2      | Noticed Terence
  1401 | D:2      | Killed Terence
  1402 | D:2      | Reached XP level 4. HP: 30/30 MP: 4/4
  1447 | D:2      | Reached skill level 5 in Fighting
  1562 | D:2      | Found a white marble altar of Elyvilon.
  1796 | D:2      | Reached XP level 5. HP: 35/35 MP: 5/5
  1948 | D:3      | Reached skill level 1 in Maces & Flails
  2127 | D:3      | Reached skill level 2 in Maces & Flails
  2927 | D:4      | Reached skill level 3 in Maces & Flails
  3254 | D:4      | Reached XP level 6. HP: 40/40 MP: 6/6
  3330 | D:4      | Found an iron altar of Okawaru.
  3332 | D:4      | Found a sparkling altar of Nemelex Xobeh.
  3333 | D:4      | Found a hide-covered altar of Uskayaw.
  3339 | D:4      | Became a worshipper of Warmaster Okawaru
  3606 | D:5      | Entered Level 5 of the Dungeon
  3692 | D:5      | Noticed a water moccasin
  3717 | D:4      | Killed a water moccasin
  3718 | D:4      | Reached skill level 4 in Maces & Flails
  3883 | D:5      | Reached skill level 5 in Maces & Flails
  3883 | D:5      | Reached XP level 7. HP: 40/44 MP: 7/7
  4016 | D:5      | Found a staircase to the Ecumenical Temple.
  4028 | Temple   | Entered the Ecumenical Temple
  4359 | D:5      | Reached skill level 6 in Maces & Flails
  4809 | D:6      | Reached * piety under Okawaru
  4811 | D:6      | Noticed Menkaure
  4822 | D:5      | Slain by Menkaure

Illustrated notes

Levels and vault maps discovered:
D:1:      tarquinn_simple_flora_water_b, layout_basic
D:2:      layout_rooms, lemuel_doored_altar, hangedman_decor_push,
          minmay_goblin_kobold_house, uniq_terence
D:3:      layout_loops_ring
D:4:      layout_cave_pods, minitemple, minmay_misc_feat_doors
D:5:      layout_cave_pools, temple_pool_b, grunt_decor_mini_mirrors
D:6:      layout_cave_pools, uniq_menkaure, uniq_sigmund
Temple:   dpeg_five_rooms_temple

Skill      XL: |  1  2  3  4  5  6  7 |
---------------+----------------------+-----
Fighting       | 3 4 5 |  5.3
Maces & Flails | 3 5 6 |  6.7
Long Blades    | |  1.0
Crossbows      | |  2.0
Armour         | |  1.1
Dodging        | |  1.0
Stealth        | |  1.1
Shields        | |  2.1

Action                   |  1- 3 |  4- 6 |  7- 9 || total
-------------------------+-------+-------+-------++-------
Melee: Flail             |       |   117 |       ||   117
       Morningstar       |       |    67 |    67 ||   134
       Mace              |       |     5 |       ||     5
 Fire: Hand crossbow     |    83 |       |       ||    83
  Use: Scroll            |       |       |     7 ||     7
       Potion            |       |       |     1 ||     1
Armor: Robe              |     5 |       |       ||     5
       Scale mail        |       |   151 |    42 ||   193
       Skin              |       |       |     1 ||     1
Dodge: Dodged            |    25 |   142 |    40 ||   207
